 Seeded DCSS version 0.30-a0-613-gdd512c7efb (webtiles) character file.

Game seed: 2050236378858804499 (custom seed)

12583 purpskrrrp the Unweaver (level 11, 0/78 HPs)
             Began as a Demonspawn Conjurer on Jan 9, 2023.
             Was a Follower of Lugonu.
             Slain by a skeletal warrior
             ... wielding a +0 scimitar
              (18 damage)
             ... on level 11 of the Dungeon.
             The game lasted 00:36:00 (15185 turns).

purpskrrrp the Unweaver (Demonspawn Conjurer)      Turns: 15185, Time: 00:36:01

Health: 0/78       AC:  7    Str:  8    XL:     11   Next: 64%
Magic:  25/30      EV: 15    Int: 22    God:    Lugonu [*.....]
Gold:   406        SH:  0    Dex: 13    Spells: 17/24 levels left

rFire   . . .      SeeInvis .    P - +7 Throatcutter {drain, coup de grace}
rCold   . . .      Faith    .    (no shield)
rNeg    . . .      Spirit   .    i - +1 robe "Zuogimiyra" {rCorr}
rPois   .          Reflect  .    (helmet restricted)
rElec   .          Harm     .    N - +1 cloak {rCorr}
rCorr   +          Rampage  .    (no gloves)
Will    .....                    (no boots)
Stlth   ++++                     (no amulet)
HPRegen 0.33/turn                C - ring of magical power
MPRegen 0.22/turn                v - ring of resist corrosion

@: no status effects
A: horns 2, rugged brown scales 2, powered by death 2, spiny 1, MP-powered wands
a: Renounce Religion, Depart the Abyss


You were on level 11 of the Dungeon.
You worshipped Lugonu.
Lugonu was aware of your devotion.
You visited 1 branch of the dungeon, and saw 11 of its levels.

You collected 654 gold pieces.
You spent 248 gold pieces at shops.

Inventory:

Hand Weapons
 j - a +0 short sword
 z - a +2 rapier of venom
 F - a +3 morningstar
 I - a +3 scimitar of freezing
 K - the +10 mace "Jiso" {heavy, Dex+3}
   (You found it on level 7 of the Dungeon)

   Dex:       It affects your dexterity (+3).
 P - the +7 Throatcutter (weapon) {drain, coup de grace}
   (You found it on level 9 of the Dungeon)

   It may instantly kill foes which have little health.
Armour
 a - a +0 robe
 i - the +1 robe "Zuogimiyra" (worn) {rCorr}
   (You bought it in a shop on level 3 of the Dungeon)

   rCorr:     It protects you from acid and corrosion.
 n - a +1 cloak
 E - a +0 plate armour of willpower
 N - a +1 cloak of preservation (worn)
Magical Staves
 O - a staff of conjuration
Jewellery
 e - a ring of ice
 v - a ring of resist corrosion (right hand)
 A - a ring of flight
 C - a ring of magical power (left hand)
 D - a +4 ring of slaying
 G - an amulet of guardian spirit
 J - a +6 ring of dexterity
 R - an amulet of the acrobat
Wands
 f - a wand of acid (7)
 y - a wand of roots (14)
 M - a wand of flame (24)
Scrolls
 b - 2 scrolls of amnesia
 c - 2 scrolls of magic mapping
 d - a scroll of blinking {unknown}
 h - 9 scrolls of teleportation
 k - a scroll of noise
 l - a scroll of summoning {unknown}
 m - 2 scrolls of silence
 q - a scroll of identify
 r - a scroll of brand weapon
 t - a scroll of fog {unknown}
 u - 2 scrolls of poison
 H - a scroll of vulnerability {unknown}
 S - a scroll of immolation
 T - a scroll of enchant weapon {unknown}
Potions
 g - a potion of ambrosia
 o - 3 potions of flight
 p - 2 potions of might
 w - a potion of degeneration
 x - 3 potions of cancellation
 B - 3 potions of invisibility
 L - 2 potions of lignification
 Q - a potion of brilliance


   Skills:
 + Level 3.2 Fighting
 * Level 4.2 Long Blades
 + Level 7.0 Dodging
 + Level 7.6 Stealth
 + Level 7.0 Spellcasting
 + Level 8.4 Conjurations
 * Level 13.1 Invocations


You had 17 spell levels left.
You knew the following spells:

 Your Spells              Type           Power      Damage    Failure   Level
a - Magic Dart            Conj           100%       1d8       1%          1
b - Searing Ray           Conj           88%        2d7       1%          2
c - Iskenderun's Mystic   Conj/Tloc      26%        2d7       14%         4

Your spell library contained the following spells:

 Spells                   Type           Power      Damage    Failure   Level
 Dazzling Flash           Conj/Hex       52%        N/A       4%          3
 Hailstorm                Conj/Ice       26%        3d7       4%          3
 Slow                     Hex            28%        N/A       9%          1
 Sting                    Tmut/Pois      28%        1d4       9%          1
 Ensorcelled Hibernation  Hex/Ice        14%        N/A       12%         2
 Poisonous Vapours        Pois/Air       14%        N/A       12%         2
 Fulminant Prism          Conj/Hex       13%        3d9       14%         4
 Confusing Touch          Hex            7%         N/A       24%         3
 Ozocubu's Armour         Ice            7%         N/A       24%         3
 Spider Form              Tmut/Pois      7%         N/A       24%         3
 Vampiric Draining        Necr           7%         2d6       24%         3
 Anguish                  Hex/Necr       3%         N/A       63%         4
 Ice Form                 Ice/Tmut       7%         N/A       63%         4
 Olgreb's Toxic Radiance  Pois           7%         N/A       63%         4
 Passage of Golubria      Tloc           7%         N/A       63%         4
 Silence                  Hex/Air        3%         N/A       92%         5
 Simulacrum               Ice/Necr       3%         N/A       100%        6
 Ozocubu's Refrigeration  Ice            3%         4d8       100%        7
 Lehudib's Crystal Spear  Conj/Erth      13%        10d4      100%        8


Dungeon Overview and Level Annotations

Branches:
Dungeon (11/15)            Temple (0/1) D:5            Lair (0/5) D:11
    Orc (0/2) D:10

Altars:
Cheibriados
Gozag
Hepliaklqana
Kikubaaqudgha
Nemelex Xobeh
Qazlal
Sif Muna
Trog
Xom
Lugonu

Shops:
D:3 [*[?!   D:9 (

Annotations:
D:7 3 runed translucent doors, OTABOTABOTAB's ghost, novice DECj
Abyss:1 Crazy Yiuf, Ijyb, Menkaure, Sigmund


Innate Abilities, Weirdness & Mutations

You have a pair of horns on your head.
You are mostly covered in rugged brown scales. (AC +2, +5% HP)
You regenerate health from kills.
You are partially covered in sharp spines.
You expend magic power (3 MP) to strengthen your wands.


Message History

The howler monkey misses you.
The magic dart hits the howler monkey.
You kill the howler monkey!
Lugonu accepts your kill.
You can't see any susceptible monsters within range! (Use Z to cast anyway.)
Okay, then.
The magic dart hits the skeletal warrior but does no damage.
The magic dart hits the skeletal warrior but does no damage.
The magic dart hits the skeletal warrior but does no damage.
Okay, then.
Casting: Magic Dart (safe; 1% risk of failure)
Confirm with . or Enter, or press ? or * to list all spells.
Aiming: Searing Ray (safe; 1% risk of failure)
Press: ? - help, Shift-Dir - straight line, f/p - skeletal warrior
Aim: a skeletal warrior, wielding a +0 scimitar (82% to hit)
The searing ray hits the skeletal warrior but does no damage. (Press . to maintain the ray.)
The searing ray hits the skeletal warrior.
The skeletal warrior is lightly damaged.
The searing ray hits the skeletal warrior.
The skeletal warrior is lightly damaged.
You barely miss the skeletal warrior.
Your headbutt misses the skeletal warrior.
The skeletal warrior is lightly damaged.
The skeletal warrior hits you with a +0 scimitar!
You hit the skeletal warrior but do no damage.
You headbutt the skeletal warrior, but do no damage.
The skeletal warrior is lightly damaged.
The skeletal warrior hits you with a +0 scimitar!!
You hit the skeletal warrior but do no damage.
The skeletal warrior is lightly damaged.
The skeletal warrior hits you with a +0 scimitar!
You hit the skeletal warrior but do no damage.
Your headbutt misses the skeletal warrior.
The skeletal warrior misses you.
You closely miss the skeletal warrior.
The skeletal warrior hits you with a +0 scimitar!!
* * * LOW HITPOINT WARNING * * *
The skeletal warrior hits you with a +0 scimitar!!
You die...

..........#.#
#z............#####
#.......#..#.......
#.........#########
#..................
#..................
#..................
#+##+#.z...(............
.......@................
.######.....(...........
#.....#####......#
#..#### #......# +..#
#......# #..# #......#
...# #......# ....#
#......# ###### ########


You could see 2 skeletal warriors.

Vanquished Creatures
  2 death yaks (D:11)
  An unseen horror (D:10)
  4 kobold demonologists (D:9)
  3 trolls
  A hornet (D:8)
  A shadow (D:11)
  6 yaks (D:10)
  Eustachio (D:5)
  A wyvern (D:8)
  A water moccasin (D:9)
  A sky beast (D:8)
  2 ice beasts
  4 orc warriors (D:10)
  A black bear (D:6)
  2 ogres
  2 centaurs
  8 kobold brigands
  4 bullfrogs
  2 scorpions
  8 wights
  11 killer bees (D:9)
  A vampire bat (D:5)
  7 howler monkeys
  2 hounds
  3 orc priests
  A jelly (D:8)
  A gnoll bouda (D:6)
  9 orc wizards
  Jessica (D:3)
  4 iguanas
  A hell rat (D:11)
  5 gnolls (D:6)
  4 adders
  A river rat (D:11)
  3 white imps
  An ufetubus (D:6)
  8 worms
  2 dart slugs
  3 fire bats (D:5)
  23 orcs
  2 spectral bats (D:5)
  10 ball pythons
  14 bats
  3 bat skeletons (D:5)
  A bat zombie (D:5)
  6 endoplasms
  2 giant cockroaches
  7 goblins
  11 hobgoblins
  7 quokkas
  A bat simulacrum (D:5)
  2 frilled lizards (D:3)
  26 kobolds
  9 rats
247 creatures vanquished.

Vanquished Creatures (others)
  A wizard (D:9)
  2 plants (D:1)
3 creatures vanquished.

Grand Total: 250 creatures vanquished

Notes
Turn   | Place    | Note
-------+----------+-------------------------------------------
     0 | D:1      | purpskrrrp the Demonspawn Conjurer began the quest for the
                  | Orb.
     0 | D:1      | Reached XP level 1. HP: 13/13 MP: 3/3
   224 | D:1      | Found a faded altar of an unknown god.
   388 | D:1      | Gained mutation: You regenerate a little health from kills.
                  | [demonic ancestry]
   388 | D:1      | Reached XP level 2. HP: 19/19 MP: 1/5
  1280 | D:1      | Prayed at the altar of an unknown god.
  1280 | D:1      | Became a worshipper of Lugonu the Unformed
  1280 | D:1      | Reached * piety under Lugonu
  1552 | D:2      | Gained mutation: You regenerate health from kills. [demonic
                  | ancestry]
  1552 | D:2      | Reached XP level 3. HP: 24/24 MP: 1/6
  1673 | D:2      | Reached skill level 1 in Invocations
  1996 | D:2      | Found a sparkling altar of Nemelex Xobeh.
  2517 | D:3      | Noticed Jessica
  2753 | D:3      | Found Hekhlu Weij's Magic Scroll Shoppe.
  2796 | D:3      | Reached ** piety under Lugonu
  2857 | D:3      | Found Jusuebe's Distillery.
  2878 | D:3      | Bought a scroll of brand weapon for 95 gold pieces
  2914 | D:3      | Gained mutation: You are frail. (-10% HP) [potion of
                  | mutation]
  2914 | D:3      | Gained mutation: You have a pair of small horns on your
                  | head. [potion of mutation]
  2946 | D:3      | Mutation became permanent: You have a pair of small horns
                  | on your head. [demonic ancestry]
  2946 | D:3      | Gained mutation: You have a pair of small horns on your
                  | head. [demonic ancestry]
  2946 | D:3      | Reached XP level 4. HP: 27/27 MP: 4/7
  3023 | D:3      | Killed Jessica
  3024 | D:3      | Reached skill level 2 in Invocations
  3305 | D:3      | Found Ceocoff's Antique Armour Emporium.
  3308 | D:3      | You fall into a shaft and drop 2 floors!
  3308 | D:5      | Entered Level 5 of the Dungeon
  3500 | D:3      | Found Cifuh's Assorted Antiques.
  3624 | D:3      | Found Noihech's Armour Shop.
  3689 | D:4      | Found a stormy altar of Qazlal.
  3736 | D:4      | Found a shimmering blue altar of Sif Muna.
  3943 | D:4      | Noticed Ijyb
  3948 | D:4      | Learned a level 2 spell: Searing Ray
  3949 | D:4      | Banished Ijyb
  3950 | D:4      | Gained mutation: You are partially covered in rugged brown
                  | scales. (AC +1, +3% HP) [demonic ancestry]
  3950 | D:4      | Reached XP level 5. HP: 27/32 MP: 4/9
  4153 | D:4      | Noticed a black bear
  4191 | D:4      | Reached skill level 3 in Invocations
  4196 | D:4      | Banished a black bear
  4266 | D:4      | Reached XP level 6. HP: 35/38 MP: 7/10
  4712 | D:4      | Found a runed translucent door.
  4713 | D:4      | Noticed Crazy Yiuf
  4811 | D:4      | Banished Crazy Yiuf
  4812 | D:4      | Reached skill level 4 in Invocations
  5005 | D:5      | Found a staircase to the Ecumenical Temple.
  5055 | D:5      | Reached skill level 5 in Conjurations
  5226 | D:5      | Reached skill level 5 in Invocations
  5226 | D:5      | Gained mutation: You are partially covered in sharp spines.
                  | [demonic ancestry]
  5226 | D:5      | Reached XP level 7. HP: 42/42 MP: 6/12
  5274 | D:5      | Found a sparkling altar of Nemelex Xobeh.
  5379 | D:5      | Noticed Eustachio
  5389 | D:5      | Killed Eustachio
  5390 | D:5      | Reached skill level 6 in Invocations
  5708 | D:5      | Found an ancient bone altar of Kikubaaqudgha.
  6091 | D:5      | Reached XP level 8. HP: 48/48 MP: 14/14
  6294 | D:5      | Noticed Menkaure
  6296 | D:5      | Banished Menkaure
  6430 | D:5      | Reached skill level 7 in Invocations
  6619 | D:5      | Reached skill level 8 in Invocations
  6742 | D:6      | Reached skill level 5 in Stealth
  7189 | D:6      | Gained mutation: You have a pair of horns on your head.
                  | [demonic ancestry]
  7189 | D:6      | Reached XP level 9. HP: 53/53 MP: 16/16
  7409 | D:6      | Reached skill level 5 in Spellcasting
  7424 | D:6      | Reached skill level 9 in Invocations
  7630 | D:6      | Reached skill level 5 in Dodging
  7791 | D:6      | Lost mutation: You are frail. (-10% HP) [potion of
                  | mutation]
  7791 | D:6      | Gained mutation: Your magical capacity is low. (-10% MP)
                  | [potion of mutation]
  7791 | D:6      | Gained mutation: You are dopey. (Int -2) [potion of
                  | mutation]
  7792 | D:6      | Lost mutation: Your magical capacity is low. (-10% MP)
                  | [potion of mutation]
  7792 | D:6      | Lost mutation: You are dopey. (Int -2) [potion of mutation]
  7792 | D:6      | Gained mutation: You expend magic power (3 MP) to
                  | strengthen your wands. [potion of mutation]
  8016 | D:6      | Noticed Sigmund
  8018 | D:6      | Banished Sigmund
  8317 | D:7      | Found an opulent altar of Gozag.
  8318 | D:7      | Identified the +10 mace "Jiso" {heavy, Dex+3}
  8321 | D:7      | Found a runed translucent gate.
  8323 | D:7      | Found a runed translucent gate.
  8323 | D:7      | Found a runed translucent gate.
  8324 | D:7      | Noticed OTABOTABOTAB's ghost (novice DECj)
  8385 | D:7      | Found a snail-covered altar of Cheibriados.
  9169 | D:3      | Bought a warped robe for 153 gold pieces
  9169 | D:3      | Identified the +1 robe "Zuogimiyra" {rCorr} (You bought it
                  | in a shop on level 3 of the Dungeon)
  9302 | D:8      | Reached skill level 10 in Invocations
  9638 | D:8      | Found a hazy altar of Hepliaklqana.
 10265 | D:8      | Found a shimmering altar of Xom.
 10382 | D:9      | Reached XP level 10. HP: 56/64 MP: 18/18
 10429 | D:9      | Found Wuojet's Antique Weapon Boutique.
 10757 | D:9      | Found the +7 Throatcutter {drain, coup de grace}
 10764 | D:9      | Reached skill level 11 in Invocations
 11037 | D:9      | Found a bloodstained altar of Trog.
 11038 | D:9      | Noticed a wizard
 11044 | D:9      | Killed a wizard
 11246 | D:9      | Reached skill level 1 in Long Blades
 11392 | D:9      | Reached skill level 1 in Fighting
 11929 | D:9      | Learned a level 4 spell: Iskenderun's Mystic Blast
 11947 | D:10     | Entered Level 10 of the Dungeon
 12166 | D:10     | Reached skill level 12 in Invocations
 12492 | D:10     | Gained mutation: You are mostly covered in rugged brown
                  | scales. (AC +2, +5% HP) [demonic ancestry]
 12492 | D:10     | Reached XP level 11. HP: 64/75 MP: 20/20
 13012 | D:10     | Found a staircase to the Orcish Mines.
 13725 | D:11     | Noticed a green ugly thing
 13728 | D:11     | Noticed a death yak
 13730 | D:11     | Banished a brown ugly thing
 13767 | D:11     | Noticed a death yak
 13769 | D:11     | Killed a death yak
 13769 | D:11     | Noticed a death yak
 14041 | D:11     | Found a staircase to the Lair.
 14218 | D:11     | Banished a death yak
 14224 | D:11     | Killed a death yak
 14799 | D:11     | Noticed a two-headed ogre
 14801 | D:11     | Banished a two-headed ogre
 14802 | D:11     | Reached skill level 13 in Invocations
 14845 | D:11     | Noticed a skeletal warrior
 14858 | D:11     | Banished a skeletal warrior
 15052 | D:11     | Noticed a skeletal warrior
 15053 | D:11     | Noticed a skeletal warrior
 15056 | D:11     | Noticed a skeletal warrior
 15056 | D:11     | Noticed a skeletal warrior
 15185 | D:11     | Slain by a skeletal warrior

Illustrated notes

Levels and vault maps discovered:
D:1:      lightli_arrival_maybe_door_vault, layout_basic,
          shapermc_ecumenical_altar_pompeii, chequers_serial_rivers_micro_e,
          minmay_shallow_snake_nest
D:2:      layout_basic, basic_altar, minivault_26, hangedman_decor_points,
          kennysheep_nub, feat_on_display
D:3:      layout_basic, serial_shops, nicolae_diamond_shop, nicolae_square_shop,
          shop, shop, shop, uniq_jessica
D:4:      minmay_opposing_rooms, layout_basic, mainiacjoe_overflow_boulevard,
          mainiacjoe_overflow_24_doors, mainiacjoe_overflow_chevrons,
          kennysheep_little_box, amcnicky_mini_pool_small,
          uniq_crazy_yiuf_cottage, uniq_ijyb
D:5:      layout_loops_ring, lemuel_doored_altar, general_overflow_altar,
          minmay_temple_entry_tees, cheibrodos_sewer_entry_bend, goddamned_bats,
          uniq_menkaure, uniq_eustachio
D:6:      layout_basic, serial_corexii_hall, corexii_hall_statues_deadend,
          corexii_hall_statues_s, nicolae_fountain_basement, uniq_sigmund
D:7:      layout_basic, mainiacjoe_overflow_large_starburst,
          gammafunk_ghost_split, grunt_decor_arrowhead
D:8:      layout_loops_ring, mainiacjoe_overflow_catwalk,
          lemuel_coloured_pillars_altar
D:9:      layout_basic, trog_wizard, serial_shops, shop,
          dilly_guarded_unrand_throatcut
D:10:     layout_loops_corners, david_orc_4, chequers_serial_rivers_small_b,
          corexii_hall_statues_deadend
D:11:     layout_irregular_city, dpeg_lair_monsters

Skill      XL: |  1  2  3  4  5  6  7  8  9 10 11 |
---------------+----------------------------------+-----
Dodging        | 2 3 4 5 6 7 |  7.0
Stealth        | 2 3 4 5 6 7 |  7.6
Invocations    | 1 2 3 5 6 8 10 12 13 | 13.1
Spellcasting   | 3 4 5 6 7 |  7.0
Conjurations   | 5 6 7 8 |  8.4
Long Blades    | 2 4 |  4.2
Fighting       | 1 3 |  3.2

Action                   |  1- 3 |  4- 6 |  7- 9 | 10-12 || total
-------------------------+-------+-------+-------+-------++-------
Melee: Unarmed           |    46 |       |       |       ||    46
       Punch             |     2 |       |     2 |       ||     4
       Short sword       |    37 |    23 |     9 |       ||    69
       Headbutt          |       |     3 |     7 |     9 ||    19
       Rapier            |       |       |    17 |       ||    17
       Morningstar       |       |       |     9 |       ||     9
       Staff             |       |       |     2 |     5 ||     7
       Long sword        |       |       |       |    56 ||    56
 Cast: Magic Dart        |    91 |    93 |   181 |   151 ||   516
       Searing Ray       |       |       |    23 |    24 ||    47
       Iskenderun's Myst |       |       |       |     7 ||     7
Invok: Banish            |       |     6 |    11 |    12 ||    29
  Use: Scroll            |     4 |       |     6 |    14 ||    24
       Potion            |     1 |     2 |     2 |     6 ||    11
Armor: Robe              |    21 |     5 |    17 |    36 ||    79
Dodge: Dodged            |    50 |    15 |    81 |    62 ||   208

Table legend: (Time is in decaauts)
 A = Elapsed time spent in this place.
 B = Non-inter-level travel time spent in this place.
 C = Inter-level travel time spent in this place.
 D = Time resting spent in this place.
 E = Time spent auto-exploring this place.
 F = Levels seen in this place.
 G = Mean time per level.
                   A        B        C        D        E       F      G
               +--------+--------+--------+--------+--------+-----+--------+
         Total |  15203 |  14317 |    886 |   1713 |  10717 |  11 | 1382.1 |
       Dungeon |  15203 |  14317 |    886 |   1713 |  10717 |  11 | 1382.1 |
               +--------+--------+--------+--------+--------+-----+--------+

Top non-repeatable levels by time:
     D:5: 1800 daAuts
    D:10: 1754 daAuts
     D:9: 1710 daAuts
     D:6: 1513 daAuts
     D:4: 1399 daAuts
     D:1: 1370 daAuts
     D:2: 1370 daAuts
    D:11: 1344 daAuts
     D:8: 1116 daAuts
     D:7: 1023 daAuts
     D:3: 800 daAuts
